AoeStats
← 鄙人張麻子

Coastal Forest

503407975Analyzed
4v4 RM · 1mo ago on Aug 31, 2026· 37m 31s· 8 players
Game mode
Random Map
Map size
Large (8 player)
Population
200
Speed
Normal
Resources
Standard
Victory
Conquest
Starting age
Dark Age
Ending age
Imperial Age
RankedLock teamsTeams togetherTeam positionsShared explorationLock speedFull tech treeHidden civsTurbo modeCheats
Victory
Defeat
🇨🇳 Jurchens · China
1206
+16
🇬🇧 Persians · United Kingdom
1205
+16
🇮🇳 Vikings · India
1182
+17
🇮🇱 Khmer · Israel
1162
+18
🇹🇼 Shu · Taiwan
1232
-18
🇨🇳 Inca · China
1201
-17
🇨🇳 Franks · China
1188
-16
🇨🇳 Poles · China
1165
-15
围家建筑工
1:47 Loom
11:42 Feudal Age
12:30 Champi Runner
20:26 Castle Age
18:52 Double-Bit Axe
18:49 Horse Collar
19:45 Stone Mining
26:16 Gold Mining
32:28 Imperial Age
31:20 Wheelbarrow
31:08 Heavy Plow
30:45 Champi Warrior
32:04 Town Watch
32:28 Scale Mail Armor
32:29 Padded Archer Armor
33:53 Elite Champi Warrior
35:06 Chain Mail Armor
34:42 Fletching
35:36 Crop Rotation
36:10 Conscription
36:58 Squires
36:44 Arson
37:57 Plate Mail Armor
鄙人張麻子
10:34 Feudal Age
9:32 Loom
11:38 Double-Bit Axe
14:31 Castle Age
12:47 Horse Collar
14:34 Pikeman
15:45 Bow Saw
15:57 Heavy Plow
22:36 Wheelbarrow
24:30 Hand Cart
25:45 Fervor
28:59 Imperial Age
26:36 Fletching
27:59 Bodkin Arrow
28:06 Padded Archer Armor
28:08 Crossbowman
28:54 Thumb Ring
29:30 Ballistics
29:52 Leather Archer Armor
29:43 Bracer
29:06 Arbalester
31:49 Chemistry
31:31 Conscription
32:11 Ring Archer Armor
32:12 Caravan
32:26 Squires
33:13 Scale Mail Armor
33:24 Forging
33:23 Gold Mining
34:21 Halberdier
35:44 Chain Mail Armor
35:34 Bolt Magazine
Ken
1:42 Loom
11:59 Feudal Age
18:54 Castle Age
17:56 Double-Bit Axe
24:31 Wheelbarrow
29:05 Bow Saw
30:16 Hand Cart
35:27 Imperial Age
34:19 Husbandry
33:39 Light Cavalry
36:54 Scale Barding Armor
37:00 Forging
diudiudiu丶
10:32 Feudal Age
10:08 Loom
11:58 Double-Bit Axe
12:47 Scale Barding Armor
23:33 Castle Age
21:48 Horse Collar
23:01 Wheelbarrow
22:52 Gold Mining
24:34 Bow Saw
24:42 Bloodlines
24:33 Husbandry
23:56 Light Cavalry
28:22 Heavy Plow
30:08 Forging
34:52 Hand Cart
Megatron
0:31 Loom
13:03 Feudal Age
16:58 Castle Age
14:55 Fishing Lines
16:13 Double-Bit Axe
16:43 Forging
16:25 Fletching
16:28 Gold Mining
17:49 Bodkin Arrow
18:51 Bow Saw
19:48 Gold Shaft Mining
19:33 Stone Mining
19:48 Gillnets
24:20 Horse Collar
25:04 Heavy Plow
25:22 Town Watch
29:58 Imperial Age
27:49 Town Patrol
29:11 Scale Mail Armor
29:21 Forging
29:42 Man-at-Arms
30:08 Gambesons
30:23 Squires
30:08 Arson
31:04 Chain Mail Armor
31:24 Iron Casting
31:31 Crop Rotation
32:02 Two-Man Saw
30:40 Long Swordsman
31:47 Conscription
31:31 Chieftains
33:24 Plate Mail Armor
32:31 Two-Handed Swordsman
34:14 Blast Furnace
33:29 Champion
37:14 Bracer
36:59 Treadmill Crane
37:16 Murder Holes
jackgsbh
5:40 Loom
8:41 Feudal Age
16:46 Double-Bit Axe
19:35 Scale Barding Armor
20:28 Forging
21:44 Wheelbarrow
24:59 Castle Age
24:51 Light Cavalry
25:16 Horse Collar
26:00 Chain Barding Armor
25:52 Bow Saw
26:12 Bloodlines
26:07 Husbandry
26:45 Iron Casting
26:05 Fletching
31:14 Hand Cart
33:08 Town Watch
35:16 Heavy Plow
38:29 Imperial Age
BlackCat
11:00 Feudal Age
12:57 Loom
17:48 Castle Age
19:27 Double-Bit Axe
22:55 Bow Saw
22:38 Horse Collar
26:02 Wheelbarrow
26:03 Heavy Plow
30:29 Imperial Age
28:15 Stone Mining
28:16 Gold Mining
28:09 Fishing Lines
28:43 Husbandry
28:40 Fletching
29:03 Forging
29:40 Scale Barding Armor
30:24 Bloodlines
30:51 Iron Casting
30:51 Tusk Swords
30:33 Elite Battle Elephant
33:34 Blast Furnace
33:14 Crop Rotation
34:07 Chain Barding Armor
34:29 Fletching
36:33 Hand Cart
37:18 Plate Barding Armor
Hakka
7:42 Loom
9:57 Feudal Age
11:52 Forging
12:02 Double-Bit Axe
12:04 Town Watch
12:37 Scale Barding Armor
15:03 Horse Collar
16:17 Bloodlines
18:33 Wheelbarrow
25:27 Castle Age
32:07 Imperial Age
31:52 Fervor
32:08 Husbandry
34:02 Fletching
Connection lost

Rejoining the realm…

Still unreachable

The connection could not be restored.

Session expired

The server has moved on; the page needs a fresh start.